 Dungeon Crawl Stone Soup version 0.21-a0-260-g9b2435e (webtiles) character file.

47 KarmaPolice the Skirmisher (level 3, -8/29 HPs)
             Began as a Demonspawn Abyssal Knight on Sept 7, 2017.
             Was a Follower of Lugonu.
             Killed by divine providence
             ... invoked by an orc priest
              (12 damage)
             ... on level 2 of the Dungeon.
             The game lasted 00:02:34 (2376 turns).

KarmaPolice the Skirmisher (DsAK)                   Turns: 2376, Time: 00:02:35

Health: -8/29      AC:  3    Str: 13    XL:     3   Next: 48%
Magic:  5/5        EV: 11    Int: 13    God:    Lugonu [*.....]
Gold:   90         SH:  0    Dex: 12    Spells: 2/2 levels left

rFire    . . .     SeeInvis .   e - +2 dagger (venom)
rCold    . . .     Gourm    .   (no shield)
rNeg     . . .     Faith    .   b - +0 leather armour
rPois    .         Spirit   .   (no helmet)
rElec    .         Reflect  .   (no cloak)
rCorr    .         Harm     .   (no gloves)
MR       .....                  (no boots)
Stlth    +.........             (no amulet)
HPRegen  0.09/turn              (no ring)
MPRegen  0.09/turn              (no ring)

@: no status effects
A: rot immunity
a: Depart the Abyss, Renounce Religion


You were on level 2 of the Dungeon.
You worshipped Lugonu.
Lugonu was aware of your devotion.
You were hungry.

You visited 1 branch of the dungeon, and saw 3 of its levels.
You visited the Abyss 1 time.

You collected 90 gold pieces.

Inventory:

Hand Weapons
 a - a +1 hand axe
 e - a +2 dagger of venom (weapon)
Armour
 b - a +0 leather armour (worn)
 j - a +2 buckler
Wands
 n - a wand of paralysis (13/24)
Scrolls
 d - 3 scrolls of identify {unknown}
 h - a scroll of remove curse {unknown}
 i - a scroll of recharging {unknown}
 l - a scroll of magic mapping {unknown}
 m - a scroll of fear {unknown}
Potions
 g - 2 potions of curing {unknown}
 k - a potion of degeneration {unknown}
Comestibles
 c - a bread ration
 f - a meat ration


   Skills:
 + Level 3.4 Fighting
 + Level 0.6 Short Blades
 + Level 2.8 Axes
 - Level 1.7 Armour
 - Level 0.8 Dodging
 - Level 2.8 Invocations


You had 2 spell levels left.
You didn't know any spells.

Dungeon Overview and Level Annotations

Branches:
Dungeon (3/15)

Altars:


Innate Abilities, Weirdness & Mutations

You are immune to rotting.


Message History

The orc priest hits you with a morningstar!
You climb upwards.
There is a stone staircase leading down here.
You barely miss the orc priest. The giant cockroach closely misses you.
You hit the orc priest but do no damage.
The orc priest calls down the wrath of Beogh upon you.
Beogh smites you!
* * * LOW HITPOINT WARNING * * *
The giant cockroach closely misses you.
You hit the orc priest but do no damage.
The orc priest is poisoned.
The giant cockroach completely misses you.
The orc priest hits you with a morningstar.
* * * LOW HITPOINT WARNING * * *
You hit the orc priest but do no damage.
The orc priest looks as sick as possible!
The giant cockroach bites you but does no damage.
The orc priest mumbles some strange prayers to Beogh against you.
Beogh smites you!
You die...

.........# #..##
#.#####.######
.........# #...#
#.##....#
.........# ##..#
#.##.#..#
...#####.#
#..###.##.#..#
.........#
#...##.##.#..######
...#######
##..##.##.#.......#
...#
#...#.##.#.####.##
...#
##o.#.##.#....#.#
...#
#.s@..##.####.#.#
'###
#.#.####.#....#.#
.#
#.#.#....#.####.#
.#
#.#.#....#......#
.#
#...####.#..#####
.# ##### #.#<.# ##
#.##.# #.##.#
#.##.#


You could see an orc priest and a giant cockroach.

Vanquished Creatures
  An adder (D:2)
  A dart slug (D:2)
  3 leopard geckos (D:2)
  3 giant cockroaches
  3 goblins
  5 hobgoblins
  7 kobolds
  A quokka (D:2)
  A ball python (D:2)
  2 frilled lizards
  3 rats
30 creatures vanquished.

Notes
Turn   | Place    | Note
-------+----------+-------------------------------------------
     0 | Abyss:1  | KarmaPolice the Demonspawn Abyssal Knight began the quest for the Orb.
     0 | Abyss:1  | Reached XP level 1. HP: 18/18 MP: 2/2
    47 | Abyss:1  | Noticed an ancient zyme
    49 | Abyss:1  | Noticed a demonic crawler
    53 | D:1      | Escaped the Abyss
   520 | D:1      | Gained mutation: You are immune to rotting. [demonic ancestry]
   520 | D:1      | Reached XP level 2. HP: 16/24 MP: 3/3
   537 | D:1      | Reached * piety under Lugonu
  1721 | D:2      | Reached XP level 3. HP: 29/29 MP: 5/5
  2376 | D:2      | Killed from afar by an orc priest

Vault maps used:
D:1:      lemuel_arrival_room
D:3:      kennysheep_generic_room_14

Skill      XL: |  1 |
---------------+----+-----
Axes           | 2 |  2.8
Fighting       | |  3.4
Short Blades   | |  0.6
Armour         | |  1.7
Dodging        | |  0.8
Invocations    | |  2.8

Action                   || total
-------------------------++-------
Melee: Hand axe          ||    40
       Dagger            ||    53
Invok: Depart the Abyss  ||     1
  Eat: Chunk             ||     4
Armor: Leather armour    ||    17
Dodge: Dodged            ||    50

Table legend:
 A = Spawn XP
 B = Non-spawn XP
 C = Spawn XP percentage of total XP
 D = Spawn monster count
 E = Non-spawn monster count
 F = Spawn count percentage of total count
 G = Total turns spent on level
                    A         B        C        D         E        F      G
               +---------+---------+-------+---------+---------+-------+---------
         Total |       0 |      68 |   0.0 |       0 |      30 |   0.0 |  2376
               +---------+---------+-------+---------+---------+-------+---------
           D:1 |       0 |      21 |   0.0 |       0 |      13 |   0.0 |  1196
           D:2 |       0 |      47 |   0.0 |       0 |      17 |   0.0 |  1124
               +---------+---------+-------+---------+---------+-------+---------
